 Dungeon Crawl Stone Soup version 0.29-a0-384-g6960b1960d (webtiles) character file.

Game seed: 4539931866649650785

71 HendSelp the Insei (level 4, 0/25 HPs)
             Began as a Tengu Transmuter on May 6, 2022.
             Slain by an orc
             ... wielding a +0 hand axe
              (6 damage)
             ... on level 3 of the Dungeon.
             The game lasted 00:01:58 (2970 turns).

HendSelp the Insei (Tengu Transmuter)               Turns: 2970, Time: 00:01:58

Health: 0/25       AC:  2    Str: 12    XL:     4   Next: 24%
Magic:  8/8        EV: 12    Int: 13    God:
Gold:   165        SH:  0    Dex: 15    Spells: 4/7 levels left

rFire   . . .      SeeInvis .     - Unarmed
rCold   . . .      Faith    .   (no shield)
rNeg    . . .      Spirit   .   a - +0 robe
rPois   .          Reflect  .   (helmet currently unavailable)
rElec   .          Harm     .   (no cloak)
rCorr   .          Rampage  .   (no gloves)
Will    .....                   (boots unavailable)
Stlth   +.........              (no amulet)
HPRegen 0.08/turn               (no ring)
MPRegen 0.11/turn               (no ring)

@: about to teleport, appendages
A: horns 2, beak, talons 3
a: End Transformation


You were on level 3 of the Dungeon.
You had temporarily grown beastly horns.
You visited 1 branch of the dungeon, and saw 3 of its levels.

You collected 165 gold pieces.

Inventory:

Armour
 a - a +0 robe (worn)
Scrolls
 c - a scroll of magic mapping {unknown}
 i - a scroll of teleportation
 j - a scroll of immolation
Potions
 b - a potion of invisibility {unknown}
 d - a potion of berserk rage {unknown}
 e - 2 potions of heal wounds {unknown}
 f - a potion of resistance {unknown}
 g - 2 potions of degeneration {unknown}
 h - a potion of might {unknown}
 k - a potion of attraction {unknown}


   Skills:
 - Level 1.0 Fighting
 + Level 2.6 Dodging
 + Level 4.4 Unarmed Combat
 + Level 2.3 Spellcasting
 * Level 2.2 Transmutations


You had 4 spell levels left.
You knew the following spells:

 Your Spells              Type           Power      Damage    Failure   Level
a - Beastly Appendage     Tmut           14%        N/A       10%         1
b - Wereblood             Tmut           7%         N/A       16%         2

Your spell library contained the following spells:

 Spells                   Type           Power      Damage    Failure   Level
 Spider Form              Tmut/Pois      4%         N/A       43%         3
 Ice Form                 Ice/Tmut       4%         N/A       83%         4


Dungeon Overview and Level Annotations

Branches:
Dungeon (3/15)

Altars:


Innate Abilities, Weirdness & Mutations

You have temporarily grown beastly horns.
You have a beak for a mouth.
You have claws for feet.


Message History

There is an open door here. 2 orcs come into view.
The orc shouts! x2; You hear a shout!
There are monsters nearby!
An orc wizard comes into view. It is wielding a +0 dagger.
The orc wizard shouts!
You grow a pair of large bovine horns.
The orc wizard casts a spell at you.
You are confused.
The orc misses you. The orc hits you with a +0 hand axe.
You are too confused!
Unknown command.
You are too confused!
Unknown command.
You are too confused!
Unknown command.
You are too confused!
Unknown command.
You are too confused!
The orc attacks as you move away! The orc closely misses you.
The orc attacks as you move away! The orc hits you with a +0 hand axe.
The orc wizard attacks as you move away!
The orc wizard hits you but does no damage.
The orc closely misses you.
The orc wizard attacks as you move away!
The orc wizard hits you with a +0 dagger.
The orc wizard closely misses you.
The orc hits you from afar with a +0 trident.
The orc attacks as you move away! The orc hits you with a +0 hand axe.
The orc wizard attacks as you move away!
The orc wizard hits you with a +0 dagger.
You feel less confused.
As you read the scroll of teleportation, it crumbles to dust.
You feel strangely unstable.
The orc wizard hits you but does no damage.
The orc misses you. The orc hits you with a +0 hand axe.
* * * LOW HITPOINT WARNING * * *
Unknown command.
The orc hits you with a +0 hand axe.
You die...

## #.#.....## #
#######.#......# #
#.......#......# #
#.####### #...# #
#.# ######...#####
#.# #............#
#.#####...o....###.#
#.†...#..oo...##
#####.###@#.### #
#.....#.# # ##
#######.# # .# #.# #
(# #.. # ## ### # #
# # # # #


You could see an orc wizard and 2 orcs.

Vanquished Creatures
  An adder (D:3)
  A worm (D:3)
  2 ball pythons
  5 bats
  9 endoplasms
  3 giant cockroaches
  8 goblins
  6 hobgoblins
  3 jackals (D:2)
  6 kobolds
  3 frilled lizards
  6 rats
53 creatures vanquished.

Notes
Turn   | Place    | Note
-------+----------+-------------------------------------------
     0 | D:1      | HendSelp the Tengu Transmuter began the quest for the Orb.
     0 | D:1      | Reached XP level 1. HP: 12/12 MP: 4/4
   296 | D:1      | Reached XP level 2. HP: 16/16 MP: 6/6
   656 | D:1      | Reached XP level 3. HP: 17/20 MP: 5/7
   657 | D:1      | Reached skill level 4 in Unarmed Combat
  1102 | D:2      | Learned a level 2 spell: Wereblood
  1271 | D:2      | Found a faded altar of an unknown god.
  2097 | D:3      | Reached XP level 4. HP: 14/25 MP: 8/8
  2970 | D:3      | Slain by an orc

Illustrated notes

Levels and vault maps discovered:
D:1:      lemuel_arrival_muddy, layout_rooms
D:2:      layout_basic, hellmonk_ecumenical_altar_blasted, patterned_corridor
D:3:      minmay_spotlight, layout_basic

Skill      XL: |  1  2  3 |
---------------+----------+-----
Unarmed Combat | 4 |  4.4
Transmutations | 2 |  2.2
Fighting       | |  1.0
Dodging        | |  2.6
Spellcasting   | |  2.3

Action                   |  1- 3 |  4- 6 || total
-------------------------+-------+-------++-------
Melee: Unarmed           |    96 |    12 ||   108
       Kick              |    19 |     4 ||    23
       Peck              |     9 |     3 ||    12
       Punch             |     3 |     1 ||     4
       Headbutt          |     2 |     2 ||     4
 Cast: Beastly Appendage |    10 |     4 ||    14
  Use: Scroll            |     3 |     1 ||     4
       Potion            |     1 |       ||     1
 Stab: Sleeping          |     4 |       ||     4
Armor: Robe              |    18 |     4 ||    22
       Skin              |     1 |       ||     1
Dodge: Dodged            |    61 |    11 ||    72

Table legend: (Time is in decaauts)
 A = Elapsed time spent in this place.
 B = Non-inter-level travel time spent in this place.
 C = Inter-level travel time spent in this place.
 D = Time resting spent in this place.
 E = Time spent auto-exploring this place.
 F = Levels seen in this place.
 G = Mean time per level.
                   A        B        C        D        E       F      G
               +--------+--------+--------+--------+--------+-----+--------+
         Total |   2963 |   2893 |     70 |    433 |   2155 |   3 |  987.7 |
       Dungeon |   2963 |   2893 |     70 |    433 |   2155 |   3 |  987.7 |
               +--------+--------+--------+--------+--------+-----+--------+

Top non-repeatable levels by time:
     D:2: 1177 daAuts
     D:3: 956 daAuts
     D:1: 829 daAuts
